 Dungeon Crawl Stone Soup version 0.27.1-33-g824d729ab1 (webtiles) character file.

Game seed: 188746262831660593

46 babelonianboi the Bolt Thrower (level 3, -2/22 HPs)
             Began as a Gargoyle Hunter on Nov 30, 2021.
             Was a Follower of Makhleb.
             Slain by Sigmund (3 damage)
             ... on level 2 of the Dungeon on Dec 1, 2021.
             The game lasted 00:11:17 (2124 turns).

babelonianboi the Bolt Thrower (Gargoyle Hunter)    Turns: 2124, Time: 00:11:18

Health: -2/22      AC:  6    Str: 16    XL:     3   Next: 68%
Magic:  3/3        EV: 11    Int: 11    God:    Makhleb [*.....]
Gold:   60         SH:  0    Dex: 10    Spells: 2/2 levels left

rFire    . . .     SeeInvis .   i - +0 hand axe
rCold    . . .     Faith    .   (no shield)
rNeg     + . .     Spirit   .   c - +0 leather armour
rPois    ∞         Reflect  .   (no helmet)
rElec    +         Harm     .   (no cloak)
rCorr    .         Rampage  .   (no gloves)
Will     .....                  (no boots)
Stlth    +.........             (no amulet)
HPRegen  0.07/turn              (no ring)
MPRegen  0.08/turn              (no ring)

@: no status effects
A: sickness immunity, AC +3, negative energy resistance 1, electricity
resistance, torment resistance 1, petrification resistance
a: Renounce Religion


You were on level 2 of the Dungeon.
You worshipped Makhleb.
Makhleb was aware of your devotion.
You visited 1 branch of the dungeon, and saw 2 of its levels.

You collected 60 gold pieces.

Inventory:

Hand Weapons
 a - a +1 hand crossbow
 i - a +0 hand axe (weapon)
Missiles
 f - 19 bolts
 h - 2 javelins (quivered)
Armour
 c - a +0 leather armour (worn)
Scrolls
 e - a scroll of magic mapping


   Skills:
 * Level 2.4 Fighting
 * Level 0.2 Axes
 * Level 4.9 Crossbows
 * Level 0.5 Armour
 + Level 1.6 Dodging
 * Level 1.4 Stealth


You had 2 spell levels left.
You didn't know any spells.
Your spell library was empty.

Dungeon Overview and Level Annotations

Branches:
Dungeon (2/15)

Altars:
Makhleb

Annotations:
D:2 Sigmund


Innate Abilities, Weirdness & Mutations

You are immune to sickness and miasma.
Your stone body is resilient. (AC +3)
You are immune to poison.
You resist negative energy. (rN+)
You are resistant to electric shocks. (rElec)
You are resistant to unholy torment.
You are immune to petrification.


Message History

The hobgoblin shouts!
You hit the hobgoblin.
You kill the hobgoblin!
Makhleb accepts your kill.
No target in view!
Sigmund is nearby!
Sigmund casts a spell at you. The magic dart hits you.
Sigmund gestures at you while chanting. The magic dart hits you.
Sigmund casts a spell at you.
You are confused.
You bump into the rock wall.
Sigmund misses you.
You aren't carrying any potions.
You are too confused!
You bump into the metal wall.
Sigmund hits you with a +0 scythe.
You bump into the metal wall.
Sigmund closely misses you.
You closely miss Sigmund. Sigmund hits you with a +0 scythe!
* * * LOW HITPOINT WARNING * * *
You hit Sigmund.
Sigmund is lightly wounded.
You barely miss Sigmund.
Sigmund is lightly wounded.
You feel less confused. Sigmund hits you with a +0 scythe.
* * * LOW HITPOINT WARNING * * *
You barely miss Sigmund.
Sigmund is lightly wounded.
Sigmund hits you but does no damage.
You closely miss Sigmund.
Sigmund is lightly wounded.
Sigmund barely misses you.
You slash Sigmund!
Sigmund is heavily wounded.
Sigmund hits you with a +0 scythe.
* * * LOW HITPOINT WARNING * * *
You closely miss Sigmund.
Sigmund is heavily wounded.
Sigmund hits you with a +0 scythe.
You die...

........#
#.##.#####
### ##...
......#.#
#.##.#
###.
........#
#.#..# #.
.....#.##
#.##.# #.
........#
#.#..# #.
...###.##
#.#..# #.
.......#
..#..# #.
...###<#
#@## #.
...###.##
#@# #.
.......>#
#.# #.
...###.##
#.# ...#
#.# #.#
...###.##
#.##
........#
#..#
.###.=..#
#..# .#
##...#
#..# .#
##.## ####


You could see Sigmund.

Vanquished Creatures
  An adder (D:2)
  A dart slug (D:1)
  2 bats (D:1)
  2 endoplasms
  4 goblins (D:1)
  6 hobgoblins
  3 jackals (D:1)
  4 kobolds (D:1)
  7 frilled lizards
  3 rats
33 creatures vanquished.

Notes
Turn   | Place    | Note
-------+----------+-------------------------------------------
     0 | D:1      | babelonianboi the Gargoyle Hunter began the quest for the
                  | Orb.
     0 | D:1      | Reached XP level 1. HP: 12/12 MP: 1/1
   176 | D:1      | Reached XP level 2. HP: 17/17 MP: 2/2
   503 | D:1      | Reached XP level 3. HP: 16/21 MP: 3/3
   832 | D:1      | Found a faded altar of an unknown god.
   985 | D:2      | Noticed Sigmund
  1227 | D:1      | Became a worshipper of Makhleb the Destroyer
  1227 | D:1      | Reached * piety under Makhleb
  2123 | D:2      | HP: 1/22 [Sigmund (1)]
  2124 | D:2      | Slain by Sigmund

Illustrated notes

Levels and vault maps discovered:
D:1:      dpeg_arrival_short_road, layout_rooms, ebering_ecumenical_altar_hall
D:2:      layout_loops_ring, serial_shops, shop, chequers_garden,
          minmay_misc_feat_tower, grunt_decor_fettered, patterned_corridor,
          uniq_crazy_yiuf_cottage, uniq_sigmund

Action                   || total
-------------------------++-------
Melee: Short sword       ||    25
       Hand crossbow     ||     8
       Hand axe          ||    33
 Fire: Hand crossbow     ||    37
  Use: Scroll            ||     3
Armor: Leather armour    ||    47
Dodge: Dodged            ||    66
